AoeStats
← 當場嚇一跳原來開玩笑

Arabia

510096486Analyzed
1v1 RM · 4d ago on Sep 29, 2026· 51m 4s· 2 players
Game mode
Random Map
Map size
Tiny (2 player)
Population
200
Speed
Normal
Resources
Standard
Victory
Conquest
Starting age
Dark Age
Ending age
Imperial Age
RankedLock teamsTeams togetherTeam positionsShared explorationLock speedFull tech treeHidden civsTurbo modeCheats
Victory
Defeat
🇨🇳 Vietnamese · China
1144
+46
1174
-17
717504720
8:42 Loom
11:16 Feudal Age
11:44 Double-Bit Axe
11:47 Horse Collar
16:53 Fletching
19:36 Padded Archer Armor
21:30 Wheelbarrow
20:41 Town Watch
24:33 Castle Age
23:15 Gold Mining
25:26 Heavy Plow
25:38 Bow Saw
25:26 Bodkin Arrow
24:54 Elite Skirmisher
26:28 Leather Archer Armor
35:57 Ballistics
37:45 Hand Cart
41:57 Imperial Age
41:15 Stone Mining
41:08 Treadmill Crane
42:07 Thumb Ring
42:40 Masonry
42:38 Bracer
43:39 Chemistry
42:05 Imperial Skirmisher
43:48 Ring Archer Armor
44:57 Scale Mail Armor
45:07 Forging
44:19 Elite Fire Lancer
45:01 Squires
47:14 Chain Mail Armor
47:34 Iron Casting
48:43 Plate Mail Armor
48:46 Siege Engineers
當場嚇一跳原來開玩笑
6:54 Loom
9:02 Feudal Age
11:22 Fletching
24:16 Castle Age
22:31 Double-Bit Axe
23:02 Gold Mining
24:29 Scale Barding Armor
24:21 Crossbowman
24:58 Bodkin Arrow
28:36 Wheelbarrow
38:11 Imperial Age
36:24 Bow Saw
38:54 Chain Barding Armor
39:27 Ballistics
40:08 Chemistry
40:01 Forging
39:30 Arbalester
40:32 Husbandry
42:22 Iron Casting
42:21 Cavalier
48:22 Gold Shaft Mining
48:12 Thumb Ring
Connection lost

Rejoining the realm…

Still unreachable

The connection could not be restored.

Session expired

The server has moved on; the page needs a fresh start.